 Dungeon Crawl Stone Soup version 0.29.1-1-gd02db6906a (webtiles) character file.

Game seed: 286334966600982769

64 LustLizard the Trooper (level 4, 0/35 HPs)
             Began as a Human Fighter on Oct 21, 2022.
             Slain by a gnoll
             ... wielding a +0 club
              (2 damage)
             ... on level 1 of the Dungeon.
             The game lasted 00:02:02 (2408 turns).

LustLizard the Trooper (Human Fighter)              Turns: 2408, Time: 00:02:03

Health: 0/35       AC:  7    Str: 17    XL:     4   Next: 32%
Magic:  4/4        EV:  9    Int:  8    God:
Gold:   55         SH:  5    Dex: 14    Spells: 3/3 levels left

rFire   . . .      SeeInvis .   a - +0 long sword
rCold   . . .      Faith    .   c - +0 buckler
rNeg    . . .      Spirit   .   b - +0 scale mail
rPois   .          Reflect  .   (no helmet)
rElec   .          Harm     .   k - +0 cloak
rCorr   .          Rampage  .   (no gloves)
Will    .....                   (no boots)
Stlth   ..........              (no amulet)
HPRegen 0.11/turn               (no ring)
MPRegen 0.09/turn               (no ring)

@: no status effects
A: no striking features
a: no special abilities


You were on level 1 of the Dungeon.
You visited 1 branch of the dungeon, and saw 2 of its levels.

You collected 55 gold pieces.

Inventory:

Hand Weapons
 a - a +0 long sword (weapon)
Missiles
 h - 2 poisoned darts (quivered)
 i - 20 stones
Armour
 b - a +0 scale mail (worn)
 c - a +0 buckler (worn)
 k - a +0 cloak (worn)
Scrolls
 e - 2 scrolls of enchant armour {unknown}
 f - a scroll of poison {unknown}
 g - a scroll of enchant weapon {unknown}
Potions
 d - a potion of might
 j - 3 potions of mutation {unknown}
 l - a potion of heal wounds {unknown}


   Skills:
 + Level 3.5 Fighting
 * Level 3.4 Long Blades
 * Level 1.2 Throwing
 - Level 3.0 Armour
 - Level 3.0 Shields


You had 3 spell levels left.
You didn't know any spells.
Your spell library contained the following spells:

 Spells                   Type           Power      Damage    Failure   Level
 Sting                    Tmut/Pois      0%         1d3       88%         1
 Poisonous Vapours        Pois/Air       0%         N/A       96%         2
 Olgreb's Toxic Radiance  Pois           0%         N/A       100%        4


Dungeon Overview and Level Annotations

Branches:
Dungeon (2/15)

Altars:


Message History

There is a stone staircase leading down here.
There is an open door here.
You see here a +0 whip.
There is an open door here.
There is an escape hatch in the floor here.
There is an open door here.
You see here a +0 whip.
There is an open door here.
There is a stone staircase leading down here.
You climb downwards.
The gnoll closely misses you. The gnoll barely misses you. x2
The gnoll hits you from afar with a +0 spear.
There is a stone staircase leading up here.
The gnoll hits you but does no damage.
The gnoll hits you from afar with a +0 spear.
* * * LOW HITPOINT WARNING * * *
The gnoll hits you but does no damage.
You climb upwards.
There is a stone staircase leading down here.
The gnoll closely misses you.
There is an open door here.
You closely miss the gnoll.
The gnoll is lightly wounded.
The gnoll hits you but does no damage.
You slash the gnoll!
The gnoll is severely wounded.
The gnoll barely misses you. The gnoll closely misses you.
You hit the gnoll but do no damage.
The gnoll is severely wounded.
The gnoll hits you with a +0 club.
* * * LOW HITPOINT WARNING * * *
You hit the gnoll.
You kill the gnoll!
You hit the gnoll.
The gnoll is lightly wounded.
The gnoll hits you with a +0 club.
* * * LOW HITPOINT WARNING * * *
You barely miss the gnoll.
The gnoll is lightly wounded.
The gnoll hits you with a +0 club.
You die...

#.....# #.......# ##### # #.###.#
#.#####.#######...# # #.# #.#
#.##.##...........# #
#.###.####.#...#.#######...# #
#.#............).# ##.## #
#.#.#.####.#...#.# #.# #
##.#.#.####.##.##.# ###.######
#........##.##.##.# #.......##
#......#.##....g@.# #.#.###.##
#.######.#####'#### #.#.# #.# #.#
#.# ##...## #.#.# #.#
#.######.###....>## #.#.# #.#
#........##.......## ##.#.# #.#
#.#...####.........####....###.##
#........+.........'.............
#.....####.........###.....######
###..## ##.......## #.#...#


You could see a gnoll.

Vanquished Creatures
  2 gnolls
  A worm (D:2)
  2 dart slugs (D:1)
  5 ball pythons
  2 bats
  4 endoplasms (D:1)
  A giant cockroach (D:2)
  4 jackals (D:1)
  4 kobolds
  2 quokkas (D:1)
  2 frilled lizards (D:1)
  3 goblins
  3 rats (D:1)
35 creatures vanquished.

Notes
Turn   | Place    | Note
-------+----------+-------------------------------------------
     0 | D:1      | LustLizard the Human Fighter began the quest for the Orb.
     0 | D:1      | Reached XP level 1. HP: 18/18 MP: 1/1
   113 | D:1      | Reached XP level 2. HP: 24/24 MP: 2/2
   547 | D:1      | Found a faded altar of an unknown god.
   567 | D:1      | Reached XP level 3. HP: 29/29 MP: 3/3
  2322 | D:2      | Reached skill level 1 in Throwing
  2322 | D:2      | Reached XP level 4. HP: 10/35 MP: 4/4
  2408 | D:1      | Slain by a gnoll

Illustrated notes

Levels and vault maps discovered:
D:1:      elethiomel_arrival_shortcut, layout_loops_corners,
          hellmonk_ecumenical_altar_heavens_door
D:2:      layout_basic, nicolae_concentric_dashed_squares_wild, uniq_jessica

Skill      XL: |  1  2  3 |
---------------+----------+-----
Long Blades    | 3 |  3.4
Throwing       | 1 |  1.2
Fighting       | |  3.5
Armour         | |  3.0
Shields        | |  3.0

Action                   |  1- 3 |  4- 6 || total
-------------------------+-------+-------++-------
Melee: Long sword        |   121 |     6 ||   127
Throw: Dart              |     3 |       ||     3
Armor: Scale mail        |    81 |     3 ||    84
Dodge: Dodged            |    67 |     6 ||    73
Block: Buckler           |    30 |       ||    30
